 Dungeon Crawl Stone Soup version 0.17.1-1-g73c8601 (webtiles) character file.

207 HughJohnson the Digger (level 5, -6/29 HPs)
             Began as a Gargoyle Earth Elementalist on Dec 22, 2015.
             Killed by nerve-wracking pain
             ... invoked by an orc priest
              (12 damage)
             ... on level 3 of the Dungeon.
             The game lasted 00:18:07 (2335 turns).

HughJohnson the Digger (GrEE)                       Turns: 2335, Time: 00:18:07

Health: -6/29      AC: 10    Str: 12    XL:     5   Next: 85%
Magic:  0/9        EV: 10    Int: 16    God:
Gold:   139        SH:  0    Dex: 10    Spells: 3 memorised, 4 levels left

rFire  . . .     SeeInvis .     b - 72 stones
rCold  . . .     Clarity  .     o - +0 ring mail
rNeg   + . .     SustAt   .     (no shield)
rPois  ∞         Gourm    .     v - +0 helmet
rElec  +         Spirit   .     (no cloak)
rCorr  .         Warding  .     (no gloves)
rMut   .         Stasis   .     (no boots)
MR     .....                    (no amulet)
Stlth  +.........               (no ring)
                                (no ring)

@: not resistant to hostile enchantments, very unstealthy
A: negative energy resistance 1, electricity resistance, unbreathing,
petrification resistance, rot immunity, AC +4
a: no special abilities


You were on level 3 of the Dungeon.
You were not hungry.

You visited 1 branch of the dungeon, and saw 3 of its levels.

You collected 139 gold pieces.

Inventory:

Missiles
 b - 72 stones (in hand)
 h - 4 tomahawks (quivered)
Armour
 a - a +0 robe
 o - a +0 ring mail (worn)
 v - a +0 helmet (worn)
Scrolls
 e - 2 scrolls of enchant weapon {unknown}
 f - 5 scrolls of remove curse {unknown}
 j - 2 scrolls of immolation {unknown}
 m - a scroll of amnesia {unknown}
 s - a scroll of teleportation {unknown}
 t - 2 scrolls of recharging {unknown}
 u - a scroll of identify {unknown}
 w - a scroll of magic mapping {unknown}
Potions
 i - a potion of invisibility {unknown}
 k - 2 potions of might {unknown}
 l - a potion of haste {unknown}
 n - a potion of degeneration {unknown}
 r - a potion of lignification {unknown}
Books
 c - a book of Geomancy

   Spells                             Type                      Level
   a - Sandblast                      Earth                        1
   b - Stoneskin                      Transmutation/Earth          2
   c - Passwall                       Transmutation/Earth          3
   d - Stone Arrow                    Conjuration/Earth            3
   e - Petrify                        Transmutation/Earth          4
   f - Lee's Rapid Deconstruction     Earth                        5
Comestibles
 d - a bread ration
 g - a meat ration
 p - 7 chunks of flesh
 q - a beef jerky


   Skills:
 - Level 1.0 Fighting
 * Level 2.2 Armour
 - Level 1.5 Dodging
 - Level 2.1 Stealth
 - Level 3.0 Spellcasting
 - Level 1.0 Transmutations
 + Level 6.0 Earth Magic


You had 4 spell levels left.
You knew the following spells:

 Your Spells              Type           Power        Failure   Level  Hunger
a - Sandblast             Erth           ###...       4%          1    #......
b - Stoneskin             Trmt/Erth      ##......     17%         2    ##.....
c - Stone Arrow           Conj/Erth      ##....       38%         3    ###....


Dungeon Overview and Level Annotations

Branches:
Dungeon (3/15)

Altars:
Kikubaaqudgha

Annotations:
D:2 Terence


Innate Abilities, Weirdness & Mutations

You are resistant to torment.
Your stone body is resilient (AC +4).
You are immune to poison.
You resist negative energy.
You are resistant to electric shocks.
You can survive without breathing.
You are immune to petrification.
You are immune to rotting.


Message History

Something smites you!
* * * LOW HITPOINT WARNING * * *
You hear a shout!
Casting: Sandblast
Confirm with . or Enter, or press ? or * to list all spells.
Aiming: Sandblast
Press: ? - help, Shift-Dir - straight line, f/p - orc priest
Aim: an orc priest, wielding a hand axe and wearing a leather armour (lightly wounded)
The rocky blast hits the orc priest.
The orc priest is severely wounded.
The orc priest barely misses you.
Casting: Sandblast
Confirm with . or Enter, or press ? or * to list all spells.
Aiming: Sandblast
Press: ? - help, Shift-Dir - straight line, f/p - orc priest
Aim: an orc priest, wielding a hand axe and wearing a leather armour (severely wounded)
The rocky blast misses the orc priest.
The orc priest invokes the aid of Beogh against you.
Pain shoots through your body!
You die...

##### ######...#
##........#
#.........# .#.#
#)@.......# ...#
#o#######.# #..#
#.....###.# #..#
####o..##.# #..#
#..(##.# ..#
#..o##.# #.# #
##.###.#####.###
#.# #..........
#o# #######>...


You could see an orc priest.

Vanquished Creatures
  An orc priest (D:3)
  Natasha (twice) (D:2)
  Robin (D:2)
  6 adders (D:2)
  An ooze (D:2)
  A worm (D:2)
  3 giant geckos
  2 orcs (D:3)
  16 goblins
  4 hobgoblins
  8 jackals
  6 kobolds
  A ball python (D:2)
  6 bats
  A giant cockroach (D:1)
  5 giant newts
  A jackal skeleton (D:3)
  3 quokkas (D:2)
  4 rats (D:2)
72 creatures vanquished.

Notes
Turn   | Place    | Note
--------------------------------------------------------------
     0 | D:1      | HughJohnson the Gargoyle Earth Elementalist began the quest for the Orb.
     0 | D:1      | Reached XP level 1. HP: 10/10 MP: 3/3
   128 | D:1      | Reached skill level 4 in Earth Magic
   158 | D:1      | Reached XP level 2. HP: 5/16 MP: 0/5
   694 | D:1      | Reached skill level 1 in Fighting
   888 | D:2      | Noticed Terence
   926 | D:1      | Learned a level 2 spell: Stoneskin
  1044 | D:2      | Reached XP level 3. HP: 17/20 MP: 3/6
  1312 | D:2      | Noticed Natasha
  1377 | D:2      | Killed Natasha
  1377 | D:2      | Reached skill level 1 in Transmutations
  1377 | D:2      | Reached XP level 4. HP: 23/25 MP: 3/8
  1537 | D:2      | Reached skill level 1 in Armour
  1537 | D:2      | Reached skill level 5 in Earth Magic
  1666 | D:2      | Learned a level 3 spell: Stone Arrow
  1687 | D:2      | Reached XP level 5. HP: 26/29 MP: 4/9
  1724 | D:2      | Noticed Natasha
  1741 | D:2      | Noticed Robin
  1853 | D:2      | Found an ancient bone altar of Kikubaaqudgha.
  2043 | D:2      | Killed Natasha
  2145 | D:2      | Killed Robin
  2332 | D:3      | Reached skill level 6 in Earth Magic
  2335 | D:3      | Killed from afar by an orc priest

Action                   |  1- 3 |  4- 6 || total
-------------------------+-------+-------++-------
Melee: Unarmed           |    59 |    37 ||    96
Throw: Tomahawk          |     1 |     2 ||     3
 Cast: Sandblast         |    55 |    70 ||   125
  Eat: Chunk             |     2 |     4 ||     6
